[Event "Gibraltar ChallWk2 13th"]
[Site "Gibraltar"]
[Date "2015.02.01"]
[Round "2.13"]
[White "Guerra Rivera, Salvador"]
[Black "Gomez Calle, Jose Antonio"]
[Result "1-0"]
[ECO "B41"]
[WhiteElo "1983"]
[BlackElo "2150"]
[PlyCount "65"]
[EventDate "2015.01.31"]
[EventType "swiss"]
[EventRounds "5"]
[EventCountry "GGB"]
[SourceTitle "BritBase"]
[Source "www.saund.co.uk"]
[SourceDate "2018.02.10"]
[SourceVersion "1"]
[SourceVersionDate "2018.02.10"]
[SourceQuality "1"]
[TimeControl "7200+1560"]
[WhiteClock "0:38:25"]
[BlackClock "0:00:12"]

1. e4 c5 2. Nf3 e6 3. d4 cxd4 4. Nxd4 a6 5. c4 Nf6 6. Nc3 Qc7 7. a3 d6 8. Be3
Be7 9. Be2 b6 10. O-O Bb7 11. f3 O-O 12. Rc1 Nbd7 13. b4 Rac8 14. Qd2 Qb8 15.
Rc2 Bd8 16. Kh1 Bc7 17. Bg1 Rfd8 18. Rb1 Nf8 19. Na4 Ng6 20. b5 a5 21. Nc6 Bxc6
22. bxc6 d5 23. exd5 exd5 24. Nxb6 dxc4 25. Qe1 Re8 26. Nxc8 Qxc8 27. Qc3 Qf5
28. Bxc4 Nf4 29. Rb7 N6d5 30. Qb3 h6 31. Rd2 Re1 32. Rd1 Rxd1 33. Qxd1 1-0

[Event "Gibraltar ChallWk2 13th"]
[Site "Gibraltar"]
[Date "2015.02.01"]
[Round "2.14"]
[White "Romero Valencia, Fernando"]
[Black "Recklingloh, Frank"]
[Result "1-0"]
[ECO "D01"]
[WhiteElo "1954"]
[BlackElo "2133"]
[PlyCount "47"]
[EventDate "2015.01.31"]
[EventType "swiss"]
[EventRounds "5"]
[EventCountry "GGB"]
[SourceTitle "BritBase"]
[Source "www.saund.co.uk"]
[SourceDate "2018.02.10"]
[SourceVersion "1"]
[SourceVersionDate "2018.02.10"]
[SourceQuality "1"]
[TimeControl "7200+1110"]
[WhiteClock "0:32:16"]
[BlackClock "0:02:55"]

1. d4 Nf6 2. Nc3 d5 3. Bg5 Nbd7 4. Qd3 c5 5. dxc5 Nxc5 6. Qb5+ Ncd7 7. Bxf6
gxf6 8. Qxd5 e6 9. Qe4 Nc5 10. Qh4 Be7 11. e3 a6 12. Qd4 Qb6 13. O-O-O Qc6 14.
Nf3 Rg8 15. Qh4 Rg7 16. Nd4 Qc7 17. Qh6 Kf8 18. g3 f5 19. Bg2 Kg8 20. Nxf5 exf5
21. Nd5 Qe5 22. Nb6 Qc7 23. Rd5 Be6 24. Qf4 1-0

[Event "Gibraltar ChallWk2 13th"]
[Site "Gibraltar"]
[Date "2015.02.01"]
[Round "2.15"]
[White "Gonzalez Capacete, Jose Miguel"]
[Black "Wiedersich, Jens"]
[Result "1/2-1/2"]
[ECO "B87"]
[WhiteElo "1920"]
[BlackElo "2125"]
[PlyCount "37"]
[EventDate "2015.01.31"]
[EventType "swiss"]
[EventRounds "5"]
[EventCountry "GGB"]
[SourceTitle "BritBase"]
[Source "www.saund.co.uk"]
[SourceDate "2018.02.10"]
[SourceVersion "1"]
[SourceVersionDate "2018.02.10"]
[SourceQuality "1"]
[TimeControl "7200+1820"]
[WhiteClock "0:31:53"]
[BlackClock "1:10:18"]

1. e4 c5 2. Nf3 d6 3. d4 cxd4 4. Nxd4 Nf6 5. Nc3 a6 6. Bc4 e6 7. O-O b5 8. Bb3
Bb7 9. Bxe6 fxe6 10. Nxe6 Qd7 11. Nd5 Bxd5 12. exd5 h6 13. Qd3 Kf7 14. Nf4 Qb7
15. Re1 Nbd7 16. Qf5 Kg8 17. Qe6+ Kh7 18. Qf5+ Kg8 19. Qe6+ 1/2-1/2

[Event "Gibraltar ChallWk2 13th"]
[Site "Gibraltar"]
[Date "2015.02.01"]
[Round "2.16"]
[White "Rodriguez Alvarez, Vidal"]
[Black "Berrocal Ruiz, Valentin"]
[Result "0-1"]
[ECO "E91"]
[WhiteElo "2122"]
[BlackElo "1986"]
[PlyCount "81"]
[EventDate "2015.01.31"]
[EventType "swiss"]
[EventRounds "5"]
[EventCountry "GGB"]
[SourceTitle "BritBase"]
[Source "www.saund.co.uk"]
[SourceDate "2018.02.10"]
[SourceVersion "1"]
[SourceVersionDate "2018.02.10"]
[SourceQuality "1"]
[TimeControl "7200+720"]
[WhiteClock "0:47:41"]
[BlackClock "0:07:01"]

1. d4 Nf6 2. c4 g6 3. Nc3 Bg7 4. e4 d6 5. Nf3 O-O 6. Be2 Bg4 7. Be3 Nfd7 8. O-O
c5 9. d5 Na6 10. Qd2 Re8 11. h3 Bxf3 12. Bxf3 Nc7 13. Be2 Rb8 14. f4 a6 15. a4
e6 16. Kh1 exd5 17. exd5 Qe7 18. Rf3 f5 19. Bd3 Nf6 20. Bf2 Qd7 21. Re3 Rxe3
22. Bxe3 Nh5 23. Kh2 Re8 24. Bf2 Nxf4 25. Bf1 Nh5 26. Ra3 Be5+ 27. Kg1 Re7 28.
a5 Ne8 29. Na4 Nef6 30. Nb6 Qe8 31. Bd3 Ng3 32. Qc2 f4 33. Ra1 Bd4 34. Kh2 Ne2
35. Rf1 Nh5 36. Bxd4 Nxd4 37. Qd2 Re3 38. b4 f3 39. bxc5 Qe5+ 40. Kg1 Ne2+ 41.
Kf2 0-1

[Event "Gibraltar ChallWk2 13th"]
[Site "Gibraltar"]
[Date "2015.02.01"]
[Round "2.17"]
[White "Machlik, Edit"]
[Black "Amgalanbaatar, Ravdanlkhumbuu"]
[Result "1-0"]
[ECO "A21"]
[WhiteElo "1914"]
[BlackElo "2117"]
[PlyCount "175"]
[EventDate "2015.01.31"]
[EventType "swiss"]
[EventRounds "5"]
[EventCountry "GGB"]
[SourceTitle "BritBase"]
[Source "www.saund.co.uk"]
[SourceDate "2018.02.10"]
[SourceVersion "1"]
[SourceVersionDate "2018.02.10"]
[SourceQuality "1"]
[TimeControl "7200+1120"]
[WhiteClock "0:01:11"]
[BlackClock "0:46:07"]

1. d4 d6 2. c4 e5 3. Nf3 e4 4. Ng5 f5 5. Nc3 Be7 6. Nh3 Be6 7. d5 Bf7 8. g3 Nd7
9. Bg2 Bf6 10. Nb5 Nb6 11. Nd4 Qd7 12. b3 c5 13. dxc6 bxc6 14. Rb1 c5 15. Nb5
d5 16. Bf4 Rd8 17. Bc7 Ra8 18. Bf4 Rd8 19. Bc7 Ra8 20. Bf4 Kf8 21. Rc1 d4 22.
O-O a6 23. Na3 h6 24. Bd2 Be7 25. e3 Nf6 26. Nf4 g5 27. Ne2 Kg7 28. f3 Bg6 29.
Nb1 Rhe8 30. Ba5 Qa7 31. exd4 cxd4 32. Qxd4 Nbd7 33. Qxa7 Rxa7 34. Kh1 Rb7 35.
Nbc3 Nc5 36. Rcd1 Bf8 37. Nd4 Rd7 38. Bh3 exf3 39. Nxf5+ Bxf5 40. Bxf5 Rxd1 41.
Rxd1 Re5 42. g4 h5 43. h3 Re3 44. Nd5 Nxd5 45. cxd5 Bd6 46. Bd2 Re2 47. Bxg5 f2
48. Rf1 Bg3 49. gxh5 Re5 50. h6+ Kf7 51. h7 Re8 52. Kg2 Be5 53. Rxf2 Kg7 54. h4
Nb7 55. h5 Nd6 56. h6+ Kh8 57. Be6 Kxh7 58. Kh3 Rb8 59. Bf5+ Kh8 60. Bd3 Rc8
61. Bxa6 Rc3+ 62. Kg4 Rg3+ 63. Kh5 Kh7 64. Bh4 Rh3 65. Kg4 Re3 66. Kh5 Rh3 67.
Kg4 Re3 68. Rd2 Nf7 69. Bd3+ Kxh6 70. Bf2 Rxd3 71. Rxd3 Bd6 72. Rh3+ Kg6 73.
Rc3 Ne5+ 74. Kh3 Bb4 75. Rc8 Kf5 76. Bd4 Ng6 77. Bc5 Nf4+ 78. Kg3 Be1+ 79. Kf3
Nxd5 80. Rf8+ Kg6 81. a4 Kg7 82. Rd8 Nf6 83. Bd4 Kf7 84. Bxf6 Kxf6 85. Ke4 Ke7
86. Rd1 Ba5 87. Rd5 Bc3 88. Kd3 1-0

[Event "Gibraltar ChallWk2 13th"]
[Site "Gibraltar"]
[Date "2015.02.02"]
[Round "3.1"]
[White "Brandstetter, Dieter"]
[Black "Galmandakh, Badrakh"]
[Result "0-1"]
[ECO "E62"]
[WhiteElo "2065"]
[BlackElo "2240"]
[PlyCount "76"]
[EventDate "2015.01.31"]
[EventType "swiss"]
[EventRounds "5"]
[EventCountry "GGB"]
[SourceTitle "BritBase"]
[Source "www.saund.co.uk"]
[SourceDate "2018.02.10"]
[SourceVersion "1"]
[SourceVersionDate "2018.02.10"]
[SourceQuality "1"]
[TimeControl "7200+945"]
[WhiteClock "0:59:29"]
[BlackClock "1:12:17"]

1. d4 d6 2. g3 g6 3. Bg2 Bg7 4. c4 Nf6 5. Nc3 O-O 6. Nf3 Nc6 7. e4 e5 8. dxe5
Nxe5 9. Nxe5 dxe5 10. Qxd8 Rxd8 11. Nd5 c6 12. Ne7+ Kh8 13. Nxc8 Raxc8 14. Be3
b6 15. Ke2 Bf8 16. Rad1 Bc5 17. Bg5 Kg7 18. f3 h6 19. Bxf6+ Kxf6 20. Bh3 Rb8
21. Rxd8 Rxd8 22. Rd1 Bd4 23. b3 a5 24. a4 h5 25. f4 h4 26. Kf3 hxg3 27. hxg3
g5 28. f5 Kg7 29. Bg2 f6 30. g4 Rf8 31. Ke2 Kf7 32. Rh1 Ke7 33. Kd3 Kd6 34. Rh6
Kc5 35. Kc2 Bf2 36. Rh3 Rd8 37. Rd3 Rh8 38. Kc3 Rh2 0-1

[Event "Gibraltar ChallWk2 13th"]
[Site "Gibraltar"]
[Date "2015.02.02"]
[Round "3.2"]
[White "Ibarra Jerez, Juan Miguel"]
[Black "Alarcon Olmos, Daniel"]
[Result "1-0"]
[ECO "A88"]
[WhiteElo "2238"]
[BlackElo "2031"]
[PlyCount "115"]
[EventDate "2015.01.31"]
[EventType "swiss"]
[EventRounds "5"]
[EventCountry "GGB"]
[SourceTitle "BritBase"]
[Source "www.saund.co.uk"]
[SourceDate "2018.02.10"]
[SourceVersion "1"]
[SourceVersionDate "2018.02.10"]
[SourceQuality "1"]
[TimeControl "7200+1275"]
[WhiteClock "0:09:12"]
[BlackClock "0:01:30"]

1. g3 g6 2. Bg2 f5 3. d4 Bg7 4. c4 d6 5. Nc3 Nf6 6. Nf3 O-O 7. O-O c6 8. b3 Kh8
9. Bb2 Be6 10. Qc2 Bg8 11. Rae1 d5 12. Nd2 Na6 13. cxd5 cxd5 14. a3 Rc8 15. Rc1
Qd6 16. Qd3 Ne4 17. Nf3 Nb8 18. e3 a6 19. Ne2 Nd7 20. Rc2 Qb8 21. Rfc1 Nb6 22.
a4 Rxc2 23. Rxc2 Rc8 24. Ba3 Rxc2 25. Qxc2 Qc8 26. Qc1 Bf6 27. Kf1 Kg7 28. Ne5
Qxc1+ 29. Nxc1 Be6 30. f3 Nd6 31. Ned3 Kf8 32. Ke2 Ke8 33. Na2 Kd8 34. Nc3 Na8
35. Nf4 Bg8 36. Nfxd5 Bg7 37. Kd3 Kd7 38. f4 h6 39. a5 Nc7 40. Nb6+ Kd8 41.
Bxd6 exd6 42. b4 Bb3 43. Bxb7 g5 44. Ncd5 gxf4 45. gxf4 h5 46. Nxc7 Kxc7 47.
Bxa6 h4 48. Bc8 Bf8 49. Bxf5 d5 50. Kc3 Bd1 51. Nxd5+ Kc6 52. Be4 Kb5 53. Bd3+
Kc6 54. e4 Bf3 55. b5+ Kb7 56. a6+ Ka7 57. b6+ Kb8 58. a7+ 1-0

[Event "Gibraltar ChallWk2 13th"]
[Site "Gibraltar"]
[Date "2015.02.02"]
[Round "3.3"]
[White "Michalowski, Peter"]
[Black "Scharrer, Patrick"]
[Result "0-1"]
[ECO "A04"]
[WhiteElo "2024"]
[BlackElo "2231"]
[PlyCount "88"]
[EventDate "2015.01.31"]
[EventType "swiss"]
[EventRounds "5"]
[EventCountry "GGB"]
[SourceTitle "BritBase"]
[Source "www.saund.co.uk"]
[SourceDate "2018.02.10"]
[SourceVersion "1"]
[SourceVersionDate "2018.02.10"]
[SourceQuality "1"]
[TimeControl "7200+1680"]
[WhiteClock "0:01:00"]
[BlackClock "0:04:14"]

1. e4 c5 2. Nf3 e6 3. d3 Nc6 4. g3 g6 5. Bg2 Bg7 6. O-O Nge7 7. c3 e5 8. Be3 d6
9. Na3 O-O 10. d4 exd4 11. cxd4 Bg4 12. Nc2 Qb6 13. dxc5 dxc5 14. Rb1 Qa5 15.
a3 Rfd8 16. Qc1 Rac8 17. h3 Nd4 18. Bxd4 cxd4 19. hxg4 d3 20. Qe1 Qxe1 21.
Ncxe1 d2 22. Rd1 dxe1=Q 23. Rxd8+ Rxd8 24. Rxe1 Bxb2 25. Rb1 Bxa3 26. Rxb7 Bc5
27. e5 a5 28. Rc7 Rc8 29. Rxc8+ Nxc8 30. Ng5 h6 31. Ne4 Bd4 32. Nf6+ Kf8 33.
Kf1 a4 34. Bd5 Nb6 35. Ba2 Bxe5 36. Nd5 Nd7 37. Ke2 Nc5 38. Nb6 Ke7 39. Bd5 f6
40. Nc4 Bd4 41. f4 g5 42. fxg5 hxg5 43. Bc6 Ke6 44. Bb5 Be5 0-1

[Event "Gibraltar ChallWk2 13th"]
[Site "Gibraltar"]
[Date "2015.02.02"]
[Round "3.4"]
[White "Berrocal Ruiz, Valentin"]
[Black "Janev, Pavel"]
[Result "0-1"]
[ECO "E72"]
[WhiteElo "1986"]
[BlackElo "2196"]
[PlyCount "82"]
[EventDate "2015.01.31"]
[EventType "swiss"]
[EventRounds "5"]
[EventCountry "GGB"]
[SourceTitle "BritBase"]
[Source "www.saund.co.uk"]
[SourceDate "2018.02.10"]
[SourceVersion "1"]
[SourceVersionDate "2018.02.10"]
[SourceQuality "1"]
[TimeControl "7200+970"]
[WhiteClock "0:00:38"]
[BlackClock "0:09:54"]

1. d4 Nf6 2. c4 c5 3. d5 e5 4. Nc3 d6 5. e4 Nbd7 6. g3 g6 7. Bg2 Bg7 8. Nge2
O-O 9. O-O Ne8 10. Be3 f5 11. Qd2 Ndf6 12. f3 Bd7 13. a3 b6 14. Kh1 Qe7 15. Bg5
Qf7 16. f4 h6 17. fxe5 dxe5 18. Bxh6 Nd6 19. b3 Bxh6 20. Qxh6 Ng4 21. Qg5 Qh7
22. h3 Nf7 23. Qd2 Nf6 24. Kg1 Kg7 25. Rf2 Rh8 26. Raf1 Raf8 27. Qe3 Ng4 28.
Qd2 Nxf2 29. Rxf2 f4 30. gxf4 Bxh3 31. f5 Bxg2 32. Rxg2 Qh1+ 33. Kf2 Rh2 34.
Rxh2 Qxh2+ 35. Ke1 Qh1+ 36. Kf2 Rh8 37. Qd1 Rh2+ 38. Ke3 Qxd1 39. Nxd1 Rh3+ 40.
Kd2 Rxb3 41. fxg6 Nd6 0-1

[Event "Gibraltar ChallWk2 13th"]
[Site "Gibraltar"]
[Date "2015.02.02"]
[Round "3.5"]
[White "Guerra Rivera, Salvador"]
[Black "Agrest, Inna"]
[Result "1/2-1/2"]
[ECO "C47"]
[WhiteElo "1983"]
[BlackElo "2179"]
[PlyCount "77"]
[EventDate "2015.01.31"]
[EventType "swiss"]
[EventRounds "5"]
[EventCountry "GGB"]
[SourceTitle "BritBase"]
[Source "www.saund.co.uk"]
[SourceDate "2018.02.10"]
[SourceVersion "1"]
[SourceVersionDate "2018.02.10"]
[SourceQuality "1"]
[TimeControl "7200+1515"]
[WhiteClock "0:11:41"]
[BlackClock "0:01:16"]

1. e4 e5 2. Nf3 Nc6 3. Nc3 Nf6 4. d4 exd4 5. Nxd4 Bb4 6. Nxc6 bxc6 7. Bd3 d5 8.
exd5 cxd5 9. Qe2+ Be7 10. Bg5 O-O 11. O-O-O Be6 12. Rhe1 h6 13. Bh4 Rb8 14. Bf5
Qd6 15. Bxe6 Qf4+ 16. Kb1 Qxh4 17. Bxd5 Bb4 18. g3 Qg5 19. f4 Qf5 20. Bb3 a5
21. Qc4 c6 22. a3 Bxc3 23. Qxc3 Rb5 24. Bc4 Rb6 25. Qe5 Qh3 26. Qc7 Rbb8 27.
Bxf7+ Kh8 28. Bg6 Qg4 29. f5 Qc4 30. Qf4 Qc3 31. Qc1 Qxa3 32. Rd3 Qa4 33. Qf4
Rb4 34. Qd6 Rfb8 35. Qd8+ Ng8 36. b3 Rxd8 37. Rxd8 Rxb3+ 38. cxb3 Qxb3+ 39. Kc1
1/2-1/2

[Event "Gibraltar ChallWk2 13th"]
[Site "Gibraltar"]
[Date "2015.02.02"]
[Round "3.6"]
[White "Boyer Censore, Giuseppe Enmanu"]
[Black "Maloberti, David"]
[Result "1/2-1/2"]
[ECO "C18"]
[WhiteElo "1960"]
[BlackElo "2108"]
[PlyCount "66"]
[EventDate "2015.01.31"]
[EventType "swiss"]
[EventRounds "5"]
[EventCountry "GGB"]
[SourceTitle "BritBase"]
[Source "www.saund.co.uk"]
[SourceDate "2018.02.10"]
[SourceVersion "1"]
[SourceVersionDate "2018.02.10"]
[SourceQuality "1"]
[TimeControl "7200+255"]
[WhiteClock "1:44:25"]
[BlackClock "1:45:27"]

1. e4 e6 2. d4 d5 3. Nc3 Bb4 4. e5 c5 5. a3 Bxc3+ 6. bxc3 Ne7 7. Qg4 Kf8 8. Bd2
Qc7 9. Bd3 b6 10. Nf3 Ba6 11. dxc5 bxc5 12. Qa4 Qc6 13. Qg4 Qc7 14. Qa4 Qc6 15.
Qg4 c4 16. Be2 Nd7 17. Nd4 Qb6 18. f4 Nc5 19. Bf3 Nc6 20. O-O Nxd4 21. cxd4 Ne4
22. Bb4+ Kg8 23. c3 h5 24. Qh4 Qd8 25. Qxd8+ Rxd8 26. Bxe4 dxe4 27. Bd6 Bb7 28.
Rfb1 Bd5 29. Rb2 Kh7 30. Kf2 Kg6 31. Ke3 Kf5 32. a4 Rb8 33. a5 a6 1/2-1/2

[Event "Gibraltar ChallWk2 13th"]
[Site "Gibraltar"]
[Date "2015.02.02"]
[Round "3.7"]
[White "Romero Valencia, Fernando"]
[Black "Kandic, Milan"]
[Result "0-1"]
[ECO "B08"]
[WhiteElo "1954"]
[BlackElo "2101"]
[PlyCount "80"]
[EventDate "2015.01.31"]
[EventType "swiss"]
[EventRounds "5"]
[EventCountry "GGB"]
[SourceTitle "BritBase"]
[Source "www.saund.co.uk"]
[SourceDate "2018.02.10"]
[SourceVersion "1"]
[SourceVersionDate "2018.02.10"]
[SourceQuality "1"]
[TimeControl "7200+1660"]
[WhiteClock "0:09:52"]
[BlackClock "0:24:40"]

1. d4 d6 2. Bf4 Nf6 3. Nc3 c6 4. h3 g6 5. Qd2 Bg7 6. Bh6 O-O 7. Bxg7 Kxg7 8.
Nf3 Nbd7 9. e4 e5 10. O-O-O Qa5 11. g4 b5 12. dxe5 dxe5 13. g5 Nh5 14. Qd6 b4
15. Qxc6 bxc3 16. Qxa8 Qb6 17. bxc3 Bb7 18. Rd6 Rxa8 19. Rxb6 axb6 20. Nd2 Rxa2
21. Kb1 Ra8 22. Bb5 Nc5 23. f3 Ba6 24. Bc6 Rc8 25. Bd5 Ng3 26. Re1 Ne2 27. c4
Nd4 28. Re3 Nde6 29. h4 Bb7 30. Ra3 Rc7 31. Nb3 Bc6 32. Nc1 Nf4 33. Nd3 Ncxd3
34. cxd3 Ng2 35. Rb3 Nxh4 36. Rxb6 Bd7 37. Rd6 Be6 38. Bxe6 fxe6 39. Rxe6 Nxf3
40. Kc2 Nd4+ 0-1

[Event "Gibraltar ChallWk2 13th"]
[Site "Gibraltar"]
[Date "2015.02.02"]
[Round "3.8"]
[White "Fiori, Hector"]
[Black "Machlik, Edit"]
[Result "1/2-1/2"]
[ECO "B10"]
[WhiteElo "2066"]
[BlackElo "1914"]
[PlyCount "126"]
[EventDate "2015.01.31"]
[EventType "swiss"]
[EventRounds "5"]
[EventCountry "GGB"]
[SourceTitle "BritBase"]
[Source "www.saund.co.uk"]
[SourceDate "2018.02.10"]
[SourceVersion "1"]
[SourceVersionDate "2018.02.10"]
[SourceQuality "1"]
[TimeControl "7200+1175"]
[WhiteClock "0:01:42"]
[BlackClock "0:01:59"]

1. e4 c6 2. c3 d5 3. e5 c5 4. Nf3 Nc6 5. Bb5 Qb6 6. Ba4 Bg4 7. h3 Bxf3 8. Qxf3
e6 9. O-O Nge7 10. Re1 Ng6 11. g3 Be7 12. h4 Nf8 13. c4 d4 14. d3 Rc8 15. Nd2
Nd7 16. Bxc6 Qxc6 17. Qxc6 Rxc6 18. f4 f5 19. Nf3 Kf7 20. Bd2 Rb8 21. Rec1 b6
22. Kf1 Kg6 23. Ke2 Kf7 24. a3 h5 25. b4 Ke8 26. Rab1 Rcc8 27. Be1 Bd8 28. Rc2
Kf7 29. Rcb2 Ke8 30. Bf2 Kf7 31. Rb3 Ke8 32. R3b2 Kf7 33. a4 Ke8 34. Kd2 Be7
35. Re1 Bd8 36. Reb1 Be7 37. Ra2 Bd8 38. Ke2 Kf7 39. Kd2 Ke8 40. Bxd4 cxd4 41.
Nxd4 Kf7 42. Nb5 Be7 43. Nxa7 Rc7 44. Nb5 Rc6 45. Kc3 Ra8 46. Kb3 Nb8 47. d4
Na6 48. c5 bxc5 49. dxc5 Bxc5 50. bxc5 Nxc5+ 51. Kb4 Nd3+ 52. Kb3 Nc1+ 53. Rxc1
Rxc1 54. Nd6+ Ke7 55. a5 Kd7 56. a6 Kc6 57. a7 Kb6 58. Nc4+ Kc6 59. Ra6+ Kb5
60. Ra5+ Kc6 61. Ra6+ Kc5 62. Ra5+ Kc6 63. Ra6+ Kc5 1/2-1/2

[Event "Gibraltar ChallWk2 13th"]
[Site "Gibraltar"]
[Date "2015.02.02"]
[Round "3.9"]
[White "Hoffmann, Hendrik"]
[Black "Schouten, Freek"]
[Result "0-1"]
[ECO "B07"]
[WhiteElo "2206"]
[BlackElo "2039"]
[PlyCount "56"]
[EventDate "2015.01.31"]
[EventType "swiss"]
[EventRounds "5"]
[EventCountry "GGB"]
[SourceTitle "BritBase"]
[Source "www.saund.co.uk"]
[SourceDate "2018.02.10"]
[SourceVersion "1"]
[SourceVersionDate "2018.02.10"]
[SourceQuality "1"]
[TimeControl "7200+1290"]
[WhiteClock "0:34:59"]
[BlackClock "0:09:54"]

1. e4 d6 2. d4 Nf6 3. Nc3 Nbd7 4. f4 e5 5. Nf3 exd4 6. Qxd4 c6 7. Bd2 d5 8.
exd5 Bc5 9. Qd3 O-O 10. O-O-O cxd5 11. Nxd5 Nxd5 12. Qxd5 Qb6 13. Bc3 Be3+ 14.
Kb1 Nf6 15. Qd3 Ng4 16. Ng5 g6 17. Nh3 Bf5 18. Qb5 Rfd8 19. Rxd8+ Rxd8 20. Be2
Qxb5 21. Bxb5 Be4 22. Re1 Bxg2 23. Ng1 Bf2 24. Rc1 Nxh2 25. Bf6 Ra8 26. Rd1 Ng4
27. Bc3 h5 28. Bc4 Ne3 0-1

[Event "Gibraltar ChallWk2 13th"]
[Site "Gibraltar"]
[Date "2015.02.02"]
[Round "3.10"]
[White "Dolzhikova, Olga"]
[Black "Gonzalez Capacete, Jose Miguel"]
[Result "1/2-1/2"]
[ECO "B22"]
[WhiteElo "2194"]
[BlackElo "1920"]
[PlyCount "92"]
[EventDate "2015.01.31"]
[EventType "swiss"]
[EventRounds "5"]
[EventCountry "GGB"]
[SourceTitle "BritBase"]
[Source "www.saund.co.uk"]
[SourceDate "2018.02.10"]
[SourceVersion "1"]
[SourceVersionDate "2018.02.10"]
[SourceQuality "1"]
[TimeControl "6600+1545"]
[WhiteClock "0:05:35"]
[BlackClock "0:01:09"]

1. e4 c5 2. c3 Nf6 3. e5 Nd5 4. d4 cxd4 5. Nf3 Nc6 6. cxd4 e6 7. Bc4 d6 8. O-O
Be7 9. Qe2 O-O 10. Qe4 dxe5 11. dxe5 f5 12. exf6 Nxf6 13. Bxe6+ Kh8 14. Qe2
Bxe6 15. Qxe6 Bc5 16. Nc3 Qc7 17. Qc4 Ne5 18. Nxe5 Qxe5 19. Bf4 Qh5 20. Bg3
Rae8 21. Rad1 Ng4 22. Rd2 h6 23. Ne4 Bb6 24. h3 Ne3 25. fxe3 Rxf1+ 26. Kxf1 Qg6
27. Bf2 Rxe4 28. Qc2 Qe6 29. b3 Qf5 30. Kg1 Qe5 31. Rd7 Rxe3 32. Bxe3 Qxe3+ 33.
Kh2 Qg1+ 34. Kg3 Qe3+ 35. Kh2 Qg1+ 36. Kg3 Qe1+ 37. Kf4 Qe3+ 38. Kf5 Qg5+ 39.
Ke6 Qe3+ 40. Kf7 Qf4+ 41. Ke8 Qe5+ 42. Re7 Qh5+ 43. Kd7 Qd5+ 44. Ke8 Qd8+ 45.
Kf7 Qg8+ 46. Kg6 Qh7+ 1/2-1/2

[Event "Gibraltar ChallWk2 13th"]
[Site "Gibraltar"]
[Date "2015.02.02"]
[Round "3.11"]
[White "Verneuil, Pascal"]
[Black "Balogun, Oluwafemi"]
[Result "1-0"]
[ECO "B07"]
[WhiteElo "2093"]
[BlackElo "2193"]
[PlyCount "65"]
[EventDate "2015.01.31"]
[EventType "swiss"]
[EventRounds "5"]
[EventCountry "GGB"]
[SourceTitle "BritBase"]
[Source "www.saund.co.uk"]
[SourceDate "2018.02.10"]
[SourceVersion "1"]
[SourceVersionDate "2018.02.10"]
[SourceQuality "1"]
[TimeControl "7200+1140"]
[WhiteClock "0:45:10"]
[BlackClock "0:14:15"]

1. e4 d6 2. d4 Nf6 3. Nc3 g6 4. Bg5 Bg7 5. Qd2 a6 6. a4 O-O 7. Bh6 c5 8. Bxg7
Kxg7 9. d5 e6 10. Bc4 exd5 11. exd5 Re8+ 12. Nge2 Nbd7 13. O-O Ne5 14. b3 Bd7
15. Ng3 Rb8 16. f4 Neg4 17. h3 Ne3 18. Rf3 Nxc4 19. bxc4 b5 20. axb5 axb5 21.
cxb5 Bxb5 22. f5 Rb7 23. fxg6 fxg6 24. Nxb5 Rxb5 25. Raf1 Rf8 26. Qg5 Ng8 27.
Rf7+ Kh8 28. Qd2 Rxf7 29. Rxf7 Qh4 30. Kh2 Qd4 31. Qg5 c4 32. Qd8 Qxd5 33. Qd7
1-0

[Event "Gibraltar ChallWk2 13th"]
[Site "Gibraltar"]
[Date "2015.02.02"]
[Round "3.12"]
[White "Bryn, Askild"]
[Black "Varga, Klara"]
[Result "1-0"]
[ECO "A25"]
[WhiteElo "2074"]
[BlackElo "2145"]
[PlyCount "95"]
[EventDate "2015.01.31"]
[EventType "swiss"]
[EventRounds "5"]
[EventCountry "GGB"]
[SourceTitle "BritBase"]
[Source "www.saund.co.uk"]
[SourceDate "2018.02.10"]
[SourceVersion "1"]
[SourceVersionDate "2018.02.10"]
[SourceQuality "1"]
[TimeControl "7200+1185"]
[WhiteClock "0:01:15"]
[BlackClock "0:00:38"]

1. c4 e5 2. Nc3 Nf6 3. g3 Bb4 4. Bg2 O-O 5. e4 a5 6. Nge2 Nc6 7. O-O d6 8. d3
Bd7 9. h3 Bxc3 10. bxc3 a4 11. f4 exf4 12. Nxf4 Ne5 13. Be3 Qe7 14. Ne2 Ra5 15.
Qd2 h6 16. g4 Re8 17. Ng3 Ng6 18. Rae1 Nh4 19. Bh1 Nh7 20. Kh2 Ng5 21. Qf2 a3
22. Rg1 Qe6 23. Nf5 Ng6 24. h4 Nh7 25. Rg3 Ne5 26. Qd2 Kh8 27. Bg2 Qf6 28. g5
hxg5 29. hxg5 Qg6 30. Bh3 b5 31. c5 dxc5 32. Bxc5 Nxg5 33. Rf1 f6 34. Be3 Nef7
35. Rf4 Kg8 36. Nh4 Qh5 37. Bxd7 Re7 38. Bf5 Ne5 39. Qg2 Nef3+ 40. Rgxf3 Nxf3+
41. Qxf3 Qxf3 42. Rxf3 g5 43. Ng6 Rh7+ 44. Kg2 Kg7 45. Ne7 Rh8 46. Bd4 Rf8 47.
Nd5 c6 48. Nxf6 1-0

[Event "Gibraltar ChallWk2 13th"]
[Site "Gibraltar"]
[Date "2015.02.02"]
[Round "3.13"]
[White "Wiedersich, Jens"]
[Black "Byrn, Carsten"]
[Result "1/2-1/2"]
[ECO "A47"]
[WhiteElo "2125"]
[BlackElo "2044"]
[PlyCount "36"]
[EventDate "2015.01.31"]
[EventType "swiss"]
[EventRounds "5"]
[EventCountry "GGB"]
[SourceTitle "BritBase"]
[Source "www.saund.co.uk"]
[SourceDate "2018.02.10"]
[SourceVersion "1"]
[SourceVersionDate "2018.02.10"]
[SourceQuality "1"]
[TimeControl "6600+765"]
[WhiteClock "1:02:15"]
[BlackClock "1:35:42"]

1. d4 Nf6 2. Nf3 c5 3. g3 b6 4. Bg2 Bb7 5. O-O cxd4 6. Qxd4 g6 7. c3 Bg7 8. Qh4
d6 9. Na3 Nbd7 10. Rd1 a6 11. Bh6 O-O 12. Bxg7 Kxg7 13. Nc2 Qc7 14. Ne3 Rac8
15. Qg5 Qc5 16. Qxc5 Nxc5 17. Nd2 Bxg2 18. Kxg2 b5 1/2-1/2

[Event "Gibraltar ChallWk2 13th"]
[Site "Gibraltar"]
[Date "2015.02.02"]
[Round "3.14"]
[White "Suez-Panama, Gilles"]
[Black "Menna Barreto, Felipe Kubiaki"]
[Result "0-1"]
[ECO "E62"]
[WhiteElo "2030"]
[BlackElo "2247"]
[PlyCount "62"]
[EventDate "2015.01.31"]
[EventType "swiss"]
[EventRounds "5"]
[EventCountry "GGB"]
[SourceTitle "BritBase"]
[Source "www.saund.co.uk"]
[SourceDate "2018.02.10"]
[SourceVersion "1"]
[SourceVersionDate "2018.02.10"]
[SourceQuality "1"]
[TimeControl "7200+680"]
[WhiteClock "0:38:34"]
[BlackClock "0:56:39"]

1. d4 Nf6 2. Nf3 g6 3. c4 Bg7 4. Nc3 O-O 5. g3 d6 6. Bg2 Nc6 7. O-O e5 8. d5
Ne7 9. e4 h6 10. c5 Ne8 11. b4 f5 12. Bb2 f4 13. Qd3 g5 14. h3 Ng6 15. Nh2 h5
16. g4 f3 17. Nxf3 hxg4 18. hxg4 Nf4 19. Qe3 Bxg4 20. Nh2 Bd7 21. a4 g4 22. c6
bxc6 23. dxc6 Be6 24. Rfe1 Bh6 25. Kh1 Qf6 26. Nxg4 Bxg4 27. Qg3 Qg7 28. Bf1
Nh5 29. Qh4 Bf3+ 30. Kh2 Bg5 31. Bc4+ Kh8 0-1